 Dungeon Crawl Stone Soup version 0.20-a0-493-g19c8d8d (webtiles) character file.

996 Klosterheim the Chopper (level 7, -3/59 HPs)
             Began as a Purple Draconian Air Elementalist on Jan 16, 2017.
             Splashed by a jelly's acid (7 damage)
             ... on level 5 of the Dungeon.
             The game lasted 00:19:00 (4436 turns).

Klosterheim the Chopper (DrAE)                      Turns: 4436, Time: 00:19:01

Health: -3/59      AC:  7    Str: 16    XL:     7   Next: 99%
Magic:  7/12       EV: 12    Int: 15    God:
Gold:   159        SH:  0    Dex: 16    Spells: 8/13 levels left

rFire    . . .     SeeInvis .   i - +0 war axe
rCold    . . .     Gourm    .   (armour unavailable)
rNeg     . . .     Faith    .   (no shield)
rPois    .         Spirit   .   m - +2 hat
rElec    .         Reflect  .   (no cloak)
rCorr    .         Harm     .   p - +2 pair of gloves
MR       +....                  (no boots)
Stlth    ++........             (no amulet)
Regen    0.2/turn               (no ring)
                                j - +3 ring of dexterity

@: mighty, short of breath, corroded, very slightly contaminated, hasted, very
quick
A: breathe power, unfitting armour, cold-blooded, AC +6
a: Breathe Dispelling Energy


You were on level 5 of the Dungeon.
You were very hungry.

You visited 1 branch of the dungeon, and saw 5 of its levels.

You collected 159 gold pieces.

Inventory:

Hand Weapons
 i - a +0 war axe (weapon)
Armour
 m - a +2 hat (worn)
 p - a +2 pair of gloves (worn)
Jewellery
 j - a +3 ring of dexterity (left hand)
Wands
 o - a wand of random effects (44/48)
Scrolls
 c - a scroll of teleportation {unknown}
 d - a scroll of blinking {unknown}
 e - a scroll of fear
 f - 4 scrolls of identify
 h - a scroll of remove curse {unknown}
 k - 2 scrolls of recharging
 r - a scroll of enchant weapon {unknown}
Potions
 g - a potion of might
Books
 a - a book of Air

   Spells                             Type                      Level
   a - Shock                          Conjuration/Air              1
   b - Swiftness                      Charms/Air                   2
   c - Repel Missiles                 Charms/Air                   2
   d - Static Discharge               Conjuration/Air              3
   e - Lightning Bolt                 Conjuration/Air              5
Comestibles
 b - 3 bread rations
 l - a meat ration


   Skills:
 - Level 4.0 Fighting
 * Level 6.6 Axes
 - Level 1.7 Dodging
 - Level 1.7 Stealth
 + Level 3.9 Spellcasting
 - Level 1.4 Conjurations
 + Level 4.7 Air Magic


You had 8 spell levels left.
You knew the following spells:

 Your Spells              Type           Power        Failure   Level  Hunger
a - Shock                 Conj/Air       ##..         6%          1    None
b - Swiftness             Chrm/Air       ##......     12%         2    ##.....
c - Repel Missiles        Chrm/Air       ##....       12%         2    ##.....


Dungeon Overview and Level Annotations

Branches:
Dungeon (5/15)
 Temple: D:4-7

Altars:
Sif Muna

Annotations:
D:3 Klosterheim's ghost, amateur DrFi
D:4 Eustachio; Klosterheim's ghost, amateur DrFi; Menkaure; Sigmund


Innate Abilities, Weirdness & Mutations

You can breathe bolts of dispelling energy.
Your rich purple scales are hard. (AC +6)
You cannot fit into any form of body armour.
You are cold-blooded and may be slowed by cold attacks.


Message History

* * * LOW HITPOINT WARNING * * *
The jelly misses you.
It was a potion of haste.
You feel yourself speed up.
The water moccasin skeleton bites you but does no damage.
The jelly barely misses you.
You are very lightly contaminated with residual magic.
You slice the water moccasin skeleton!!
You destroy the water moccasin skeleton!
You slash the jelly!
You kill the jelly!
You feel sick.
You are no longer poisoned.
You slash the jelly! The acid corrodes you!
Your hands burn!
* * * LOW HITPOINT WARNING * * *
You tail-slap the jelly.
The jelly is severely wounded.
The jelly hits you.
* * * LOW HITPOINT WARNING * * *
You are splashed with acid!
The acid burns!
You die...

#.#...###########
#....## ####...##
#.......#
#.......#
#.......#
#.......#
#.....†5##
#......J@#
##########


You could see a jelly and a crimson imp.

Vanquished Creatures
  3 ogres
  A centaur (D:4)
  A water moccasin skeleton (D:5)
  A howler monkey (D:5)
  A jelly (D:5)
  A hound (D:5)
  2 orc priests (D:4)
  An iguana (D:4)
  5 worker ants
  Natasha (thrice) (D:4)
  3 orc wizards (D:4)
  3 gnolls (D:3)
  7 adders
  2 dart slugs
  2 leopard geckos (D:3)
  6 orcs
  A giant cockroach (D:5)
  5 goblins
  13 hobgoblins
  2 quokkas (D:3)
  3 ball pythons
  9 bats
  2 frilled lizards
  6 kobolds
  2 quokka skeletons
  3 rats
88 creatures vanquished.

Vanquished Creatures (others)
  A bat (D:3)
1 creature vanquished.

Grand Total: 89 creatures vanquished

Notes
Turn   | Place    | Note
-------+----------+-------------------------------------------
     0 | D:1      | Klosterheim the Draconian Air Elementalist began the quest for the Orb.
     0 | D:1      | Reached XP level 1. HP: 14/14 MP: 3/3
   134 | D:1      | Reached skill level 1 in Fighting
   217 | D:1      | Reached XP level 2. HP: 23/23 MP: 0/5
   932 | D:2      | Reached XP level 3. HP: 26/28 MP: 6/6
  1144 | D:2      | Reached skill level 1 in Axes
  1429 | D:2      | Learned a level 2 spell: Swiftness
  1435 | D:3      | Noticed Klosterheim's ghost (amateur DrFi)
  1616 | D:3      | Reached XP level 4. HP: 36/36 MP: 3/7
  1677 | D:3      | Reached skill level 2 in Axes
  1914 | D:3      | Found a deep blue altar of Sif Muna.
  2517 | D:3      | Reached XP level 5. HP: 15/42 MP: 2/8
  2746 | D:4      | Reached skill level 3 in Axes
  3132 | D:4      | Noticed Natasha
  3150 | D:4      | Killed Natasha
  3212 | D:4      | Noticed Eustachio
  3266 | D:4      | Reached skill level 4 in Axes
  3307 | D:4      | Noticed Natasha
  3314 | D:4      | Killed Natasha
  3314 | D:4      | Reached XP level 6. HP: 51/51 MP: 4/9
  3595 | D:4      | Learned a level 2 spell: Repel Missiles
  3707 | D:4      | Noticed Natasha
  3847 | D:4      | Killed Natasha
  3847 | D:4      | Reached skill level 5 in Axes
  3951 | D:4      | Your scales start taking on a rich purple colour.
  3951 | D:4      | Reached XP level 7. HP: 45/59 MP: 8/11
  4067 | D:4      | Noticed Menkaure
  4067 | D:4      | Noticed Sigmund
  4067 | D:4      | Noticed Klosterheim's ghost (amateur DrFi)
  4114 | D:5      | Entered Level 5 of the Dungeon
  4427 | D:5      | Reached skill level 6 in Axes
  4436 | D:5      | Splashed by a jelly's acid

Vault maps used:
D:1:      dpeg_arrival_chambers_temple_mockup
D:3:      nicolae_overflow_hidden_temple, first_bread, lemuel_flame_loot_1
D:4:      uniq_natasha, uniq_menkaure, uniq_sigmund, uniq_eustachio
D:5:      serial_shops, shop_statue, basic_altar,
          nicolae_ru_the_path_less_chosen

Skill      XL: |  1  2  3  4  5  6  7 |
---------------+----------------------+-----
Fighting       | 1 2 3 4 |  4.0
Axes           | 1 2 4 5 6 |  6.6
Spellcasting   | 3 |  3.9
Air Magic      | 4 |  4.7
Dodging        | |  1.7
Stealth        | |  1.7
Conjurations   | |  1.4

Action                   |  1- 3 |  4- 6 |  7- 9 || total
-------------------------+-------+-------+-------++-------
Melee: Unarmed           |    24 |       |       ||    24
       War axe           |    48 |    91 |    28 ||   167
       Tailslap          |     4 |     9 |     4 ||    17
 Cast: Shock             |    47 |    78 |    16 ||   141
       Repel Missiles    |       |     1 |       ||     1
       Swiftness         |       |       |     1 ||     1
 Abil: Breathe Dispellin |       |       |     1 ||     1
Evoke: Wand              |       |       |     2 ||     2
  Use: Scroll            |     5 |       |     1 ||     6
       Potion            |       |       |     3 ||     3
 Stab: Sleeping          |     1 |     3 |       ||     4
  Eat: Chunk             |     3 |     8 |     2 ||    13
Armor: Skin              |    68 |    66 |    38 ||   172
Dodge: Dodged            |   121 |    97 |    56 ||   274
